 Dungeon Crawl Stone Soup version 0.28-a0-1027-g57bb0be0ea (webtiles) character file.

Game seed: 17866673906474130655

1152 Htamos the Nimble (level 8, 40/40 HPs)
             Began as a Felid Conjurer on Dec 7, 2021.
             Was a Follower of Makhleb.
             Quit the game on level 6 of the Dungeon.
             The game lasted 00:34:57 (13931 turns).

Htamos the Nimble (Felid Conjurer)                 Turns: 13931, Time: 00:34:58

Health: 40/40      AC:  2    Str:  3    XL:     8   Next: 16%
Magic:  13/13      EV: 25    Int: 19    God:    Makhleb [*.....]
Gold:   278        SH:  0    Dex: 21    Spells: 2/13 levels left
                                        Lives:  1   Deaths: 1

rFire   . . .      SeeInvis +     - Unarmed
rCold   . . .      Faith    .   (shield unavailable)
rNeg    . . .      Spirit   .   (armour unavailable)
rPois   +          Reflect  .   (helmet unavailable)
rElec   .          Harm     .   (cloak unavailable)
rCorr   .          Rampage  .   (gloves unavailable)
Will    +....      Clarity  +   (boots unavailable)
Stlth   ++++......              (no amulet)
HPRegen 0.13/turn               j - ring of poison resistance
MPRegen 0.13/turn               (no ring)

@: quick
A: very small, claws 1, fangs 3, see invisible, speed 1, shaggy fur 2, stealthy
paws, no weapons or thrown items, no armour, multi-lived, thin skeletal
structure 1, clarity
a: Renounce Religion


You were on level 6 of the Dungeon.
You worshipped Makhleb.
Makhleb was aware of your devotion.
You visited 2 branches of the dungeon, and saw 8 of its levels.
You also visited: Bailey.

You collected 278 gold pieces.

Inventory:

Jewellery
 g - a ring of ice
 j - a ring of poison resistance (left paw)
Scrolls
 c - 3 scrolls of identify {@rr}
 i - a scroll of noise
 k - a scroll of teleportation
Potions
 b - a potion of mutation


   Skills:
 - Level 7.0 Fighting
 + Level 9.1 Dodging
 - Level 2.7 Stealth
 - Level 3.0 Unarmed Combat
 - Level 3.0 Spellcasting
 * Level 6.3 Conjurations


You had 2 spell levels left.
You knew the following spells:

 Your Spells              Type           Power      Damage    Failure   Level
a - Magic Dart            Conj           100%       1d8       1%          1
b - Fulminant Prism       Conj/Hex       7%         3d7       38%         4
c - Iskenderun's Mystic   Conj/Tloc      14%        2d5       38%         4
d - Apportation           Tloc           4%         N/A       16%         1
e - Slow                  Hex            8%         N/A       16%         1

Your spell library contained the following spells:

 Spells                   Type           Power      Damage    Failure   Level
 Searing Ray              Conj           52%        2d6       1%          2
 Foxfire                  Conj/Fire      56%        2x1d6     4%          1
 Dazzling Flash           Conj/Hex       28%        N/A       13%         3


Dungeon Overview and Level Annotations

Branches:
Dungeon (7/15)             Temple (1/1) D:6          Bailey (visited)

Altars:
Ashenzari
Makhleb
Nemelex Xobeh
Trog
Uskayaw
The Shining One

Shops:
D:3 ?

Annotations:
D:2 Jessica
D:4 exclusion: phantom
D:5 Prince Ribbit


Innate Abilities, Weirdness & Mutations

You have sharp claws.
You have razor-sharp teeth.
You have supernaturally acute eyesight. (SInv)
You cover ground quickly. (Speed+)
You are covered in thick fur. (AC +2)
Your paws help you pounce on unaware monsters.
You are incapable of wielding weapons or throwing items.
You cannot wear armour.
You gain extra lives every three experience levels.
You have a somewhat thin skeletal structure. (Dex +2, Stealth+)
You possess an exceptional clarity of mind.


Message History

You kill the sky beast!
Makhleb accepts your kill.
Casting: Magic Dart (safe; 1% risk of failure)
Confirm with . or Enter, or press ? or * to list all spells.
You can't see any susceptible monsters within range! (Use Z to cast anyway.)
A centaur comes into view.
Casting: Magic Dart (safe; 1% risk of failure)
Confirm with . or Enter, or press ? or * to list all spells.
Aiming: Magic Dart (safe; 1% risk of failure)
Press: ? - help, Shift-Dir - straight line, f - centaur
Aim: a centaur, quivering arrows (wandering, hasn't noticed you, 100% to hit)
The magic dart hits the centaur but does no damage.
The centaur shouts!
The centaur wields a +0 shortbow.
The centaur shoots an arrow.
The arrow hits you!
Casting: Magic Dart (safe; 1% risk of failure)
Confirm with . or Enter, or press ? or * to list all spells.
Aiming: Magic Dart (safe; 1% risk of failure)
Press: ? - help, Shift-Dir - straight line, f/p - centaur
Aim: a centaur, wielding a +0 shortbow and quivering arrows (100% to hit)
The magic dart hits the centaur but does no damage.
The centaur shoots an arrow.
The arrow completely misses you.
The centaur shoots an arrow.
The arrow completely misses you.
Casting: Magic Dart (safe; 1% risk of failure)
Confirm with . or Enter, or press ? or * to list all spells.
Aiming: Magic Dart (safe; 1% risk of failure)
Press: ? - help, Shift-Dir - straight line, f/p - centaur
Aim: a centaur, wielding a +0 shortbow and quivering arrows (100% to hit)
The magic dart hits the centaur!
The centaur is moderately wounded.
The centaur shoots an arrow.
The arrow hits you!
* * * LOW HITPOINT WARNING * * *
The centaur shoots an arrow.
The arrow completely misses you.
You climb upwards.
There is a stone staircase leading down here.
You start resting.
Magic restored.
You start resting.
HP restored.
Are you sure you want to abandon this character and quit the game? (Confirm with "yes".)

###.................
#...........#.####.#
#.#.#....####.# #..
#........'..#.# #.#
####.#....##.#.# ###
#....+.....#.#.#
#.##.#.....#.#.######
#.##[#.....#.#.#.....
#.##@[...[...#...)...
###.##########.##......
#........# #..#......
#........# #..#......
#........# #..#...#.#
#........# #..#...#[#
######........# #......#.#
#...####.)..#.#####.#....#.#
#...# #.##.........#....#.#


There were no monsters in sight!

Vanquished Creatures
  An orc warrior (D:6)
  2 ice beasts (D:4)
  4 sky beasts
  An ogre (D:6)
  3 phantoms
  A wyvern zombie (D:6)
  A scorpion (D:4)
  A bullfrog (D:6)
  A water moccasin zombie (D:6)
  A water moccasin skeleton (D:7)
  3 wights (D:6)
  2 hounds
  2 gnoll shamans
  5 orc priests
  Crazy Yiuf (D:2)
  A centaur skeleton (D:4)
  2 iguanas
  5 orc wizards
  Robin (D:3)
  10 gnolls
  2 adders
  A shadow imp (D:6)
  A white imp (D:6)
  An ufetubus (D:5)
  An adder skeleton (D:4)
  4 worms
  A dart slug (D:4)
  15 orcs
  10 ball pythons
  9 endoplasms
  3 giant cockroaches
  14 goblins
  9 hobgoblins
  3 jackals (D:2)
  20 kobolds
  A quokka (D:3)
  5 bats
  A frilled lizard (D:2)
  9 rats
158 creatures vanquished.

Vanquished Creatures (others)
  A fungus (D:2)
1 creature vanquished.

Grand Total: 159 creatures vanquished

Notes
Turn   | Place    | Note
-------+----------+-------------------------------------------
     0 | D:1      | Htamos the Felid Conjurer began the quest for the Orb.
     0 | D:1      | Reached XP level 1. HP: 7/7 MP: 4/4
   307 | D:1      | Reached skill level 3 in Dodging
   404 | D:1      | Reached skill level 1 in Fighting
   404 | D:1      | Reached XP level 2. HP: 12/12 MP: 4/6
  1471 | D:2      | Reached XP level 3. HP: 16/16 MP: 1/7
  2058 | D:2      | Noticed Jessica
  2295 | D:2      | Found a runed translucent door.
  2296 | D:2      | Noticed Crazy Yiuf
  2599 | D:2      | Killed Crazy Yiuf
  2600 | D:2      | Reached skill level 4 in Dodging
  2600 | D:2      | Reached XP level 4. HP: 21/21 MP: 0/8
  3314 | D:3      | Noticed Robin
  3337 | D:3      | Killed Robin
  3489 | D:3      | Found Elyley's Magic Scroll Shoppe.
  3616 | D:4      | Noticed a scorpion
  3629 | D:4      | Killed a scorpion
  3630 | D:4      | Reached XP level 5. HP: 25/25 MP: 1/9
  4067 | D:4      | Noticed a phantom
  4077 | D:4      | Found a sparkling altar of Nemelex Xobeh.
  4078 | D:4      | Noticed an orc warrior
  4083 | D:4      | Noticed an ice beast
  4140 | D:4      | Reached skill level 5 in Dodging
  4413 | D:3      | Gained mutation: You are covered in thick fur. (AC +2)
                  | [Felid growth]
  4413 | D:3      | Reached XP level 6. HP: 29/29 MP: 3/10
  5168 | D:3      | Reached skill level 5 in Fighting
  5772 | D:4      | Gained mutation: You are clumsy. (Dex -2) [potion of
                  | mutation]
  5772 | D:4      | Gained mutation: You occasionally shout uncontrollably at
                  | your foes. [potion of mutation]
  5772 | D:4      | Gained mutation: You are very clumsy. (Dex -4) [potion of
                  | mutation]
  5786 | D:4      | Killed an ice beast
  5787 | D:4      | Reached skill level 6 in Dodging
  5787 | D:4      | Lost mutation: You are very clumsy. (Dex -4) [potion of
                  | mutation]
  5787 | D:4      | Lost mutation: You occasionally shout uncontrollably at
                  | your foes. [potion of mutation]
  5787 | D:4      | Gained mutation: You sometimes lose the ability to read
                  | scrolls when taking damage. [potion of mutation]
  5788 | D:4      | Lost mutation: You sometimes lose the ability to read
                  | scrolls when taking damage. [potion of mutation]
  5788 | D:4      | Lost mutation: You are clumsy. (Dex -2) [potion of
                  | mutation]
  5788 | D:4      | Gained mutation: You possess an exceptional clarity of
                  | mind. [potion of mutation]
  5788 | D:4      | Gained mutation: You have a somewhat thin skeletal
                  | structure. (Dex +2, Stealth+) [potion of mutation]
  5964 | D:3      | Reached XP level 7. HP: 13/34 MP: 1/11
  6366 | D:5      | Entered Level 5 of the Dungeon
  6799 | D:4      | Reached skill level 7 in Dodging
  6833 | D:4      | Identified a scroll of acquirement
  6978 | D:4      | Found a hide-covered altar of Uskayaw.
  6987 | D:4      | Found a broken altar of Ashenzari.
  6991 | D:4      | Found a bloodstained altar of Trog.
  6993 | D:4      | Found a burning altar of Makhleb.
  6996 | D:4      | Found a faded altar of an unknown god.
  7036 | D:4      | Became a worshipper of Makhleb the Destroyer
  8046 | D:5      | Reached skill level 1 in Unarmed Combat
  8182 | D:5      | Noticed Prince Ribbit
  8550 | D:5      | Learned a level 4 spell: Fulminant Prism
  8555 | D:5      | Learned a level 4 spell: Iskenderun's Mystic Blast
  9093 | D:6      | Reached XP level 8. HP: 36/39 MP: 6/12
 10034 | D:6      | Reached skill level 8 in Dodging
 11309 | D:6      | Reached skill level 5 in Conjurations
 11756 | D:6      | Found a staircase to the Ecumenical Temple.
 11944 | Temple   | Entered the Ecumenical Temple
 12884 | D:7      | Acquired Vuidaewe's Beginning Course on Secret Knowledge
 12888 | D:7      | Learned a level 1 spell: Apportation
 12890 | D:7      | Learned a level 1 spell: Slow
 13013 | D:7      | Htamos: ??battleaxe
 13013 | D:7      | beem: battleaxe[1/1]: (axes; -4 acc / 15 dam / 1.7 base
                  | delay / 0.7 min delay; two handed). A large war axe with a
                  | formidable double-sided head.
 13043 | D:7      | Found a flagged portal.
 13049 | Bailey   | Entered a bailey
 13066 | Bailey   | Reached * piety under Makhleb
 13088 | Bailey   | Reached XP level 9. HP: 43/43 MP: 0/14
 13105 | Bailey   | Reached skill level 9 in Dodging
 13209 | Bailey   | Noticed an orc warlord
 13307 | Bailey   | Lost strength.
 13310 | Bailey   | Slain by an orc warrior
 13311 | Bailey   | Reached XP level 8. HP: -1/40 MP: 2/13
 13931 | D:6      | Quit the game

Illustrated notes

Levels and vault maps discovered:
D:1:      dpeg_arrival_leaves_temple_mockup, layout_loops_corners,
          minmay_heptomino_o4
D:2:      minmay_kobold_bridge, layout_loops_ring, uniq_jessica,
          uniq_crazy_yiuf_cottage
D:3:      layout_basic, serial_shops, shop_coins, uniq_robin
D:4:      layout_loops_cross, chequers_temple_overflow_minitemple,
          lemuel_round_altar
D:5:      layout_cave_pods, uniq_prince_ribbit1
D:6:      layout_basic, minmay_temple_entry_fiery,
          nicolae_concentric_dashed_squares_mild
D:7:      layout_cave_pods, enter_bailey_1, minmay_manual_monstrance,
          uniq_pikel, uniq_harold
Temple:   regret_index_temple_waves

Skill      XL: |  1  2  3  4  5  6  7  8  9 |
---------------+----------------------------+-----
Dodging        | 3 4 5 6 7 8 9 |  9.1
Fighting       | 1 2 3 4 5 6 7 |  7.0
Conjurations   | 4 6 |  6.3
Unarmed Combat | 1 3 |  3.0
Spellcasting   | 3 |  3.0
Stealth        | |  2.7

Action                   |  1- 3 |  4- 6 |  7- 9 || total
-------------------------+-------+-------+-------++-------
Melee: Unarmed           |     1 |     6 |    83 ||    90
       Bite              |       |       |    10 ||    10
       Punch             |       |       |     1 ||     1
 Cast: Magic Dart        |    92 |   213 |   458 ||   763
  Use: Scroll            |     2 |     3 |     8 ||    13
       Potion            |       |     5 |     8 ||    13
 Stab: Sleeping          |       |     1 |       ||     1
       Invisible         |       |       |     1 ||     1
Armor: Skin              |     1 |    11 |     6 ||    18
Dodge: Dodged            |     7 |    32 |   174 ||   213

Table legend: (Time is in decaauts)
 A = Elapsed time spent in this place.
 B = Non-inter-level travel time spent in this place.
 C = Inter-level travel time spent in this place.
 D = Time resting spent in this place.
 E = Time spent auto-exploring this place.
 F = Levels seen in this place.
 G = Mean time per level.
                   A        B        C        D        E       F      G
               +--------+--------+--------+--------+--------+-----+--------+
         Total |  12588 |  12333 |    255 |   2697 |   6553 |   9 | 1398.7 |
       Dungeon |  12287 |  12032 |    255 |   2572 |   6553 |   7 | 1755.3 |
        Temple |      1 |      1 |      0 |      0 |      0 |   1 |    1.0 |
        Bailey |    299 |    299 |      0 |    124 |      0 |   1 |  299.0 |
               +--------+--------+--------+--------+--------+-----+--------+

Top non-repeatable levels by time:
     D:6: 3166 daAuts
     D:4: 2821 daAuts
     D:3: 1762 daAuts
     D:5: 1710 daAuts
     D:2: 1252 daAuts
     D:1: 1126 daAuts
     D:7: 447 daAuts
  Bailey: 299 daAuts
  Temple: 1 daAuts
